 Dungeon Crawl Stone Soup version 0.31.0-12-g77e489cdc1 (webtiles) character file.

Game seed: 17419469326399589457

1715483 Aldia the Portalist (level 27, 156/156 HPs)
             Began as a Spriggan Hunter on Feb 13, 2024.
             Was the Champion of Elyvilon.
             Escaped with the Orb
             ... and 3 runes!
             The game lasted 03:50:04 (68134 turns).

Aldia the Portalist (Spriggan Hunter)              Turns: 68134, Time: 03:50:04

Health: 156/156    AC: 19    Str:  8 (9)  XL:     27
Magic:  41/41      EV: 41    Int: 11 (14) God:    Elyvilon [******]
Gold:   2219       SH:  9    Dex: 32 (38) Spells: 4/52 levels left

rFire   + . .        D - +9 hand cannon (heavy)
rCold   x . .        p - +1 buckler {reflect}
rNeg    . . .        I - quicksilver dragon scales
rPois   .            R - +2 hat
rElec   +            Q - +2 cloak
rCorr   .            (gloves unavailable)
SInv    +            (boots unavailable)
Will    +++++        J - amulet of regeneration
Stlth   ++           A - ring "Atraojul" {Wiz rF+ Will+ Dex-2}
HPRegen 1.26/turn    H - ring "Lethrueso" {rElec Str+3 Int+2 Dex+6}
MPRegen 0.27/turn

%: reflection, wizardry (x1)
@: very quick
A: very small, no large weapons, unfitting armour, see invisible, speed 3, agile
1, deterioration 1, no potion heal 2, cold vulnerability 1, inability to read
after injury 1
0: Orb of Zot
}: 3/15 runes: decaying, abyssal, gossamer
a: Renounce Religion, Purification, Heal Other, Heal Self, Divine Vigour


You escaped.
You worshipped Elyvilon.
Elyvilon was exalted by your worship.
You visited 11 branches of the dungeon, and saw 50 of its levels.
You visited the Abyss 2 times.
You also visited: Gauntlet.

You collected 6639 gold pieces.
You spent 4420 gold pieces at shops.

Inventory:

Hand Weapons
 D - a +9 heavy hand cannon (weapon)
Missiles
 b - a throwing net
Armour
 a - a scarf of resistance
 c - +3 steam dragon scales
 p - a +1 buckler of reflection (worn)
 I - quicksilver dragon scales (worn)
 Q - a +2 cloak (worn)
 R - a +2 hat (worn)
 Y - +0 storm dragon scales
Jewellery
 f - the ring "Pirchay" {rCorr Int+6}
   (You took it off a deep elf sorcerer on level 3 of the Elven Halls)

   [ring of intelligence]

   Int+6:     It affects your intelligence (+6).
   rCorr:     It protects you from acid and corrosion.
 u - the amulet "Rol Gem" {Acrobat Str+6 Slay+5 Stlth-}
   (You bought it in a shop on level 2 of the Orcish Mines)

   [amulet of the acrobat]

   Acrobat:   It increases your evasion while moving and waiting.
   Str+6:     It affects your strength (+6).
   Slay+5:    It affects your accuracy & damage with ranged weapons and melee
   (+5).
   Stlth-:    It makes you less stealthy.
 A - the ring "Atraojul" (left hand) {Wiz rF+ Will+ Dex-2}
   (You bought it in a shop on level 3 of the Depths)

   [ring of wizardry]

   Wiz:       It improves your spell success rate.
   Dex-2:     It affects your dexterity (-2).
   rF+:       It protects you from fire.
   Will+:     It increases your willpower.
 H - the ring "Lethrueso" (right hand) {rElec Str+3 Int+2 Dex+6}
   (You found it in a Gauntlet)

   [ring of dexterity]

   Str+3:     It affects your strength (+3).
   Int+2:     It affects your intelligence (+2).
   Dex+6:     It affects your dexterity (+6).
   rElec:     It insulates you from electricity.
 J - an amulet of regeneration (around neck)
 N - the ring "Megueh" {*Corrode rPois rC+ EV+5 Str+3}
   (You bought it in a shop on level 2 of the Orcish Mines)

   [ring of evasion]

   EV+5:      It affects your evasion (+5).
   Str+3:     It affects your strength (+3).
   rC+:       It protects you from cold.
   rPois:     It protects you from poison *Corrode: It may corrode you when you
   take damage.
 U - a +6 ring of dexterity
Wands
 j - a wand of mindburst (70)
 l - a wand of paralysis (60)
 w - a wand of polymorph (4)
 y - a wand of digging (27)
 B - a wand of roots (63)
 G - a wand of acid (36)
Scrolls
 d - 5 scrolls of fear
 e - 10 scrolls of fog
 g - a scroll of revelation
 k - 11 scrolls of teleportation
 n - 3 scrolls of vulnerability
 q - 2 scrolls of poison
 r - 9 scrolls of immolation
 x - a scroll of blinking
 z - 5 scrolls of silence
 L - 7 scrolls of amnesia
Potions
 h - 5 potions of invisibility
 i - 7 potions of berserk rage
 m - 10 potions of attraction
 o - 6 potions of haste
 s - 6 potions of enlightenment
 t - 2 potions of magic
 v - 5 potions of ambrosia
 E - 5 potions of lignification
 M - 4 potions of heal wounds
 P - 4 potions of cancellation
 S - 18 potions of curing
 T - 7 potions of brilliance
 X - 4 potions of resistance
Miscellaneous
 C - a sack of spiders
 K - a phantom mirror
 V - a lightning rod (4/4)
 W - a phial of floods
 Z - a tin of tremorstones (2/2)


   Skills:
 - Level 20.0 Fighting
 - Level 18.0 Ranged Weapons
 - Level 11.0 Armour
 + Level 23.6 Dodging
 - Level 10.4 Stealth
 - Level 5.6 Shields
 - Level 13.0 Spellcasting
 - Level 23.0 Hexes
 + Level 23.8 Translocations
 - Level 10.0 Alchemy
 - Level 16.0 Invocations
 - Level 13.0 Evocations


You had 4 spell levels left.
You knew the following spells:

 Your Spells              Type           Power      Damage    Failure   Level
a - Yara's Violent Unrav  Hex/Alch       21%        3d10      1%          5
b - Dimensional Bullseye  Hex/Tloc       28%        N/A       0%          4
c - Tukima's Dance        Hex            55%        N/A       0%          3
d - Blink                 Tloc           100%       N/A       0%          2
e - Dispersal             Tloc           28%        N/A       1%          6
f - Passage of Golubria   Tloc           56%        N/A       0%          4
g - Disjunction           Tloc           28%        N/A       4%          8
h - Enfeeble              Hex            27%        N/A       1%          7
i - Apportation           Tloc           100%       N/A       0%          1
j - Discord               Hex            27%        N/A       7%          8

Your spell library contained the following spells:

 Spells                   Type           Power      Damage    Failure   Level
 Slow                     Hex            100%       N/A       0%          1
 Jinxbite                 Hex            100%       N/A       0%          2
 Lesser Beckoning         Tloc           100%       N/A       0%          2
 Confusing Touch          Hex            55%        N/A       0%          3
 Gell's Gravitas          Tloc           56%        N/A       0%          3
 Sigil of Binding         Hex            55%        N/A       0%          3
 Teleport Other           Tloc           56%        N/A       0%          3
 Manifold Assault         Tloc           56%        N/A       0%          4
 Sting                    Conj/Alch      72%        1d7       1%          1
 Ensorcelled Hibernation  Hex/Ice        64%        N/A       1%          2
 Momentum Strike          Conj/Tloc      66%        3d9       1%          2
 Dazzling Flash           Conj/Hex       64%        N/A       1%          3
 Volatile Blastmotes      Fire/Tloc      66%        2d15      1%          3
 Iskenderun's Mystic Bla  Conj/Tloc      33%        2d8       1%          4
 Olgreb's Toxic Radiance  Alch           29%        N/A       2%          4
 Mephitic Cloud           Conj/Alch/Air  14%        N/A       11%         3
 Foxfire                  Conj/Fire      28%        2x1d5     13%         1
 Kiss of Death            Conj/Necr      28%        2d7       13%         1
 Necrotise                Necr           28%        1d5       13%         1
 Shock                    Conj/Air       28%        1d4       13%         1
 Summon Small Mammal      Summ           28%        N/A       13%         1
 Ignite Poison            Fire/Alch      18%        N/A       16%         4
 Sticky Flame             Fire/Alch      18%        2d6       16%         4
 Call Imp                 Summ           14%        N/A       19%         2
 Scorch                   Fire           14%        2d5       19%         2
 Static Discharge         Conj/Air       14%        3-4/arc   19%         2
 Sublimation of Blood     Necr           7%         N/A       19%         2
 Call Canine Familiar     Summ           7%         N/A       34%         3
 Fugue of the Fallen      Necr           7%         N/A       34%         3
 Hailstorm                Conj/Ice       7%         3d5       34%         3
 Ozocubu's Armour         Ice            7%         N/A       34%         3
 Passwall                 Erth           7%         N/A       34%         3
 Stone Arrow              Conj/Erth      14%        3d7       34%         3
 Summon Ice Beast         Ice/Summ       7%         N/A       34%         3
 Swiftness                Air            7%         N/A       34%         3
 Vampiric Draining        Necr           7%         2d6       34%         3
 Airstrike                Air            3%         2d(1-17)  75%         4
 Animate Armour           Summ/Erth      14%        N/A       75%         4
 Animate Dead             Necr           7%         N/A       75%         4
 Brom's Barrelling Bould  Conj/Erth      7%         2d3       75%         4
 Dispel Undead            Necr           7%         3d8       75%         4
 Flame Wave               Conj/Fire      7%         2d5       75%         4
 Summon Lightning Spire   Summ/Air       7%         N/A       75%         4
 Metabolic Englaciation   Hex/Ice        16%        N/A       3%          5
 Silence                  Hex/Air        16%        N/A       3%          5
 Summon Mana Viper        Hex/Summ       32%        N/A       3%          5
 Alistair's Intoxication  Alch           19%        N/A       6%          5
 Eringya's Noxious Bog    Alch           14%        4d6       32%         6
 Irradiate                Conj/Alch      9%         3d14      41%         5
 Malign Gateway           Summ/Tloc      16%        N/A       58%         7
 Sculpt Simulacrum        Ice/Alch       9%         N/A       91%         6
 Borgnjor's Vile Clutch   Necr/Erth      3%         N/A       96%         5
 Curse of Agony           Necr           7%         N/A       96%         5
 Fireball                 Conj/Fire      3%         3d4       96%         5
 Iskenderun's Battlesphe  Conj           7%         2d6       96%         5
 Bombard                  Conj/Erth      3%         9d1       100%        6
 Conjure Ball Lightning   Conj/Air       3%         3x3d6     100%        6
 Plasma Beam              Fire/Air       3%         2x1d13    100%        6
 Starburst                Conj/Fire      3%         6d3       100%        6
 Summon Cactus Giant      Summ           3%         N/A       100%        6
 Monstrous Menagerie      Summ           3%         N/A       100%        7
 Orb of Destruction       Conj           3%         9d5       100%        7
 Ozocubu's Refrigeration  Ice            3%         4d8       100%        7
 Spellforged Servitor     Conj/Summ      3%         N/A       100%        7
 Ignition                 Fire           3%         3d4       100%        8
 Lehudib's Crystal Spear  Conj/Erth      3%         10d3      100%        8
 Maxwell's Capacitive Co  Air            3%         ∞         100%        8
 Chain Lightning          Conj/Air       3%         3d4       100%        9
 Death's Door             Necr           3%         N/A       100%        9
 Fire Storm               Conj/Fire      3%         8d1       100%        9
 Shatter                  Erth           3%         3d7*      100%        9


Dungeon Overview and Level Annotations

Branches:
Dungeon (15/15)            Temple (1/1) D:4            Lair (5/5) D:10
  Swamp (4/4) Lair:3       Spider (4/4) Lair:3        Slime (0/5) Lair:5
    Orc (2/2) D:11            Elf (3/3) Orc:2        Vaults (4/5) D:13
  Crypt (3/3) Vaults:2       Tomb (0/3) Crypt:3      Depths (4/4) D:15
    Zot (5/5) Depths:4    Gauntlet (visited)

Altars:
Ashenzari
Cheibriados
Dithmenos
Elyvilon
Fedhas
Gozag
Hepliaklqana
Kikubaaqudgha
Makhleb
Nemelex Xobeh
Okawaru
Qazlal
Ru
Sif Muna
Trog
Uskayaw
Vehumet
Wu Jian
Xom
Yredelemnul
Zin
The Shining One
Jiyva

Shops:
D:4 [   D:15 !   Orc:2 =:**!   Vaults:1 (   Vaults:2 [   Depths:3 :==

Portals:
Hell: Depths:1 Depths:2 Depths:3 Depths:4
Abyss: Depths:3
Pandemonium: Depths:2
Ziggurat: Depths:2

Annotations:
D:14 exclusion: obsidian statue
Lair:1 exclusion: oklob plant
Lair:3 2 transporters, yey's ghost, journeyman DrGl
Swamp:2 4 transporters, biznut's ghost, journeyman SpEn
Swamp:4 Mara
Spider:3 Azrael
Elf:1 20 runed translucent doors
Elf:2 3 runed translucent doors
Vaults:2 3 runed translucent doors
Vaults:4 exclusion: ice statue
Zot:3 2 transporters
Zot:5 2 transporters, greynaab's ghost, legendary HOGl
Abyss:1 Parghit


Innate Abilities, Weirdness & Mutations

You are very small and have problems with some larger weapons.
You are too small for most types of armour.
You have supernaturally acute eyesight. (SInv)
You cover ground extremely quickly. (Speed+++)
You are agile. (Dex +4, Str/Int -1)
Your body sometimes deteriorates upon taking damage.
Potions cannot restore your health.
You are vulnerable to cold. (rC-)
You occasionally lose the ability to read scrolls when taking damage.


Message History

There is an open door here.
An Orb Guardian comes into view.
There is an open door here.
There is a stone staircase leading up here.
You climb upwards.
There is a stone staircase leading down here.
What level of the Dungeon? (default 1, ? - help)
The two-headed ogre shouts in stereo!
You hear a shout!
You see here a +0 robe.
The two-headed ogre attacks as it pursues you!
You block the two-headed ogre's attack. x2
The orc priest mumbles some strange prayers to Beogh against you.
You resist with almost no effort.
You see here a +0 war axe.
There is a stone staircase leading up here.
You climb upwards.
There is a stone staircase leading down here.
What level of the Dungeon? (default 1, ? - help)
There is a stone staircase leading up here.
You climb upwards.
There is a stone staircase leading down here.
There is a stone staircase leading up here.
You climb upwards.
There is a stone staircase leading down, spattered with blood here.
Things that are here:
a +0 leather armour; a +0 dagger
There is a stone staircase leading up here.
You climb upwards.
There is a stone staircase leading down here.
There is a stone staircase leading up here.
You climb upwards.
There is a stone staircase leading down here.
There is a stone staircase leading up here.
You climb upwards.
There is a stone staircase leading down here.
There is a stone staircase leading up here.
You climb upwards.
There is a stone staircase leading down here.
There is a staircase leading out of the dungeon here.
You have escaped!

#.......#.#..#..# #####.##....#
##.............#.####..........##
)..........#...#...............#
##..######..####......##.......#
....# #.............####......#
....####.............##.##.#####
............###.##.....##...#
#....#.....##.....#.........#
.....#....#.....@.##........#
#....#.....##.....#.........#
.)..........###.##.....##...###
...#######...........##.##....#
...#######...........####..#.##
........##..####......##...#.#
#######.##.#...#.............#
#..#.....#.#############
##...#..#..#


There were no monsters in sight!

Vanquished Creatures
  2 dread liches
  6 orbs of fire
  Mennas (Vaults:3)
  Sojobo (Vaults:3)
  4 Killer Klowns (Zot:5)
  A caustic shrike (Depths:2)
  4 curse toes
  8 golden dragons
  Arachne (Spider:4)
  Jory (Depths:3)
  3 bone dragons
  4 electric golems
  3 doom hounds
  A Brimstone Fiend (Depths:3)
  Jorgrun (D:12)
  9 tentacled monstrosities
  A Hell Sentinel (Zot:2)
  A walking crystal tome (Depths:2)
  A titan (Depths:4)
  5 liches
  15 Orb Guardians
  6 quicksilver dragons
  4 sphinxes
  2 deep elf master archers (Elf:3)
  A walking divine tome (Depths:4)
  8 death cobs
  A thorn hunter (Depths:3)
  5 tentacled starspawn
  2 tengu reavers (Vaults:3)
  12 ancient champions
  12 storm dragons
  8 shadow dragons
  5 revenants
  Donald (Swamp:3)
  Aizul (Swamp:1)
  3 draconian monks
  6 fire giants
  2 fenstrider witches (Swamp:3)
  4 protean progenitors
  6 frost giants
  4 emperor scorpions
  A draconian scorcher (Zot:5)
  8 draconian knights
  6 deep elf sorcerers (Elf:3)
  8 vault wardens
  A balrug (Abyss:4)
  15 ghouls
  2 deep elf elementalists (Elf:3)
  9 ghost moths
  A spectral juggernaut (Depths:3)
  3 curse skulls
  5 draconian shifters
  4 orc warlords
  3 broodmothers
  2 cacodemons (Abyss:2)
  24 ironbound preservers
  6 ironbound thunderhulks
  5 draconian stormcallers
  2 draconian annihilators (Zot:5)
  8 very ugly things
  8 stone giants
  5 deep elf demonologists (Elf:3)
  13 deep elf death magi
  7 black draconians
  10 vampire knights
  A spectral titan (Depths:3)
  A war gargoyle (Vaults:2)
  8 yellow draconians
  5 green draconians
  4 deep elf annihilators (Elf:3)
  4 eleionomae
  12 red draconians
  5 white draconians
  16 dire elephants
  9 purple draconians
  4 bunyips
  16 spark wasps
  6 eidola
  10 ettins
  A crystal guardian (Vaults:2)
  2 entropy weavers (shapeshifter)
  7 fire dragons
  A quicksilver dragon zombie (Crypt:3)
  A shambling mangrove (Abyss:4)
  9 entropy weavers
  9 jiangshi
  2 spectral golden dragons (Depths:3)
  A spriggan zombie (Depths:3)
  A spectral spriggan (Depths:3)
  7 yaktaur captains
  3 deep elf high priests (Elf:3)
  A peacekeeper (Vaults:2)
  3 hell beasts (Depths:3)
  6 alligators
  7 rakshasas
  11 great orbs of eyes
  17 ice dragons
  11 vault guards
  A jorogumo (Spider:4)
  2 juggernaut simulacra (Depths:3)
  11 hydras
  6 spriggan air magi
  A bennu zombie (Crypt:1)
  2 caustic shrike simulacra
  2 ogre magi
  11 ironbound frosthearts
  6 radroaches
  4 death knights
  4 ghost crabs (Swamp:3)
  18 dancing weapons
  9 centaur warriors
  9 deep troll shamans
  Erica (D:9)
  2 death yaks
  A spriggan skeleton (Abyss:2)
  A hell hog (Depths:3)
  7 tengu warriors
  6 two-headed ogres
  A titan zombie (Crypt:2)
  14 deep troll earth magi
  12 vampire magi
  A soul eater (Abyss:2)
  5 spriggan berserkers
  8 thrashing horrors
  5 demonic crawlers
  5 orc high priests
  A sphinx skeleton (Depths:3)
  11 deep elf knights
  5 hell knights (Depths:2)
  Nergalle (D:10)
  3 sun demons (Abyss:4)
  2 skysharks
  2 wretched stars
  35 skeletal warriors
  A titan skeleton (Crypt:3)
  8 iron trolls
  2 shadow wraiths
  A storm dragon skeleton (Crypt:3)
  A spectral spark wasp (Depths:3)
  6 goliath frogs
  13 flayed ghosts
  A glowing orange brain (Depths:2)
  12 orb spiders
  8 pharaoh ants
  90 deep trolls
  A golden dragon zombie (Depths:3)
  3 spriggan druids
  Lodul (D:10)
  4 arcanists
  2 spark wasp zombies
  A mana viper (shapeshifter) (Vaults:3)
  8 swamp dragons
  14 deep elf archers
  A spatial maelstrom (Abyss:4)
  2 death drakes (Swamp:3)
  A sun moth (Spider:2)
  7 bog bodies
  A ghost moth zombie (Crypt:3)
  Pikel (D:8)
  24 phantasmal warriors
  4 lindwurms
  6 orc knights
  An obsidian statue (Spider:2)
  8 large abominations
  An anaconda skeleton (Crypt:3)
  2 golden dragon skeletons (Crypt:3)
  21 deep elf pyromancers
  6 harpies
  7 ironbound convokers
  5 necromancers
  8 steelbarb worms
  29 deep elf zephyrmancers
  29 wolf spiders
  11 orc sorcerers
  A frost giant zombie (Depths:3)
  A jorogumo zombie (Crypt:1)
  A tengu skeleton (Depths:3)
  18 moths of wrath
  4 fire giant zombies
  5 worldbinders (Abyss:4)
  31 ugly things
  A stone giant zombie (Crypt:3)
  4 cyclopes
  Maurice (D:9)
  A manticore (D:11)
  3 meliai (D:15)
  8 will-o-the-wisps
  An eleionoma skeleton (Crypt:1)
  14 vault sentinels
  3 human skeletons
  3 kobold blastminers (Orc:2)
  A centaur zombie (D:15)
  A frost giant skeleton (Depths:3)
  A rust devil (Zot:3)
  A guardian serpent (Lair:5)
  Joseph (D:10)
  2 apocalypse crabs (Abyss:4)
  An eye of devastation (Abyss:2)
  An alligator skeleton (Crypt:1)
  10 black mambas
  2 water nymphs (Abyss:4)
  A centaur skeleton (Crypt:3)
  A pale draconian zombie (Crypt:2)
  A cane toad (shapeshifter) (Elf:1)
  23 cane toads
  6 torpor snails
  Jeremiah (D:8)
  A rime drake (shapeshifter) (D:14)
  A gargoyle (D:13)
  Maggie (D:8)
  A red draconian zombie (Crypt:2)
  10 freezing wraiths
  6 rime drakes
  An ice devil (Gauntlet)
  30 yaktaurs
  7 komodo dragons
  An unseen horror (D:12)
  Psyche (D:8)
  5 ancient zymes
  2 alligator snapping turtle skeletons
  A golden dragon simulacrum (Depths:3)
  6 tengu conjurers
  A spectral human (Depths:3)
  A catoblepas skeleton (Crypt:1)
  A red draconian skeleton (Crypt:2)
  4 guardian mummies (Crypt:3)
  3 bloated husks
  7 hornets
  Grinder (D:5)
  11 tyrant leeches
  22 tarantellas
  A hydra skeleton (Crypt:1)
  5 trolls
  A hellwing (Abyss:2)
  4 polar bears (Lair:4)
  A glass eye (Depths:2)
  13 blink frogs
  An iron dragon simulacrum (Depths:3)
  A harpy skeleton (Crypt:3)
  12 raiju
  31 slime creatures
  A guardian serpent skeleton (Crypt:1)
  25 jumping spiders
  22 culicivoras
  7 vampires
  Sigmund (D:6)
  2 centaur simulacra
  2 air elementals
  5 wraiths
  10 spriggans
  9 water elementals
  2 shadows (D:13)
  80 yaks
  4 ynoxinuls
  A fire bat (shapeshifter) (Spider:4)
  A spriggan (shapeshifter) (D:14)
  14 wyverns
  A yak (shapeshifter) (D:13)
  6 fire elementals
  3 wargs
  14 starcursed masses
  7 basilisks
  A neqoxec (Abyss:2)
  60 redbacks
  5 steam dragons
  7 vampire mosquitoes
  Edmund (D:5)
  2 naga zombies (Crypt:3)
  An ogre zombie (Vaults:3)
  6 small abominations
  25 swamp worms
  A harpy simulacrum (Crypt:3)
  A two-headed ogre zombie (Crypt:2)
  A spatial vortex (Abyss:4)
  2 water nymph zombies
  7 hell hounds
  5 acid dragons
  26 water moccasins
  12 swamp drakes
  A cane toad skeleton (Crypt:3)
  A deep troll skeleton (Crypt:2)
  2 glowing shapeshifter skeletons
  3 ice beasts
  25 orc warriors
  2 ettin simulacra
  A black bear (Lair:2)
  34 laughing skulls
  11 ogres
  4 wolves (Lair:1)
  15 centaurs
  2 lemures (D:8)
  A snapping turtle skeleton (Crypt:3)
  A phantom (D:7)
  2 kobold brigands (D:9)
  A gnoll sergeant (D:10)
  6 earth elementals
  7 necrophages
  13 bullfrogs
  2 scorpions (D:6)
  A queen bee zombie (Crypt:3)
  A howler monkey (D:10)
  2 bombardier beetles
  A quasit (Abyss:2)
  3 jellies (Lair:5)
  46 orc priests
  5 hounds
  5 iguanas
  Ijyb (D:5)
  35 orc wizards
  2 hell rats (Lair:5)
  2 boggart skeletons (D:15)
  A mummy (Crypt:3)
  15 gnolls
  11 river rats (Lair:5)
  6 adders
  2 shadow imps (D:5)
  3 white imps (Gauntlet)
  6 ufetubi
  An adder skeleton (Crypt:2)
  2 dart slugs
  4 ribbon worms
  90 orcs
  8 endoplasms
  2 giant cockroaches (D:2)
  7 goblins
  7 hobgoblins
  2 jackals (D:3)
  3 quokkas
  2 ball pythons (D:3)
  8 bats
  5 frilled lizards
  16 kobolds
  5 rats
  A lurking horror (Abyss:4)
  6 starspawn tentacles (Abyss:4)
2270 creatures vanquished.

Vanquished Creatures (collateral kills)
  An electric golem (Zot:3)
  2 Orb Guardians (Zot:5)
  2 tentacled monstrosities
  Grunn (Zot:3)
  A deep elf blademaster (Elf:3)
  A death cob (Zot:2)
  2 storm dragons
  A shadow dragon (Zot:5)
  3 draconian monks
  2 protean progenitors
  2 draconian shifters
  2 draconian scorchers (Zot:1)
  A broodmother (Spider:3)
  4 draconian annihilators
  3 green draconians
  4 red draconians
  4 white draconians
  5 black draconians
  3 yellow draconians
  3 purple draconians
  A pharaoh ant (Spider:3)
  A lindwurm (Swamp:4)
  5 moths of wrath
  A slime creature (Zot:5)
55 creatures vanquished.

Vanquished Creatures (others)
  An orb of fire (Zot:5)
  3 Orb Guardians (Zot:5)
  A death cob (Zot:1)
  A quicksilver dragon (Zot:4)
  2 draconian monks
  2 protean progenitors
  A draconian knight (Zot:4)
  A deep elf sorcerer (Abyss:4)
  A frost giant (Depths:2)
  3 draconian shifters
  A ghost moth (Spider:4)
  A draconian scorcher (Zot:5)
  A draconian annihilator (Zot:2)
  3 draconian stormcallers
  2 broodmothers (Zot:5)
  An eleionoma (Swamp:2)
  A deep elf demonologist (Abyss:4)
  A dire elephant (Abyss:4)
  A black draconian (Zot:4)
  A green draconian (Zot:4)
  A spark wasp (Depths:2)
  An entropy weaver (Spider:2)
  An ironbound frostheart (Vaults:3)
  2 jorogumos (Zot:2)
  A death yak (D:10)
  A demonic crawler (Spider:2)
  A deep elf knight (Elf:2)
  A spriggan (Swamp:3)
  An iron troll (Depths:2)
  A goliath frog (Zot:2)
  A swamp dragon (Swamp:4)
  An orc sorcerer (D:15)
  2 wolf spiders (Spider:2)
  A deep elf zephyrmancer (Elf:2)
  A moth of wrath (Zot:2)
  A torpor snail (Spider:2)
  An apocalypse crab (Abyss:4)
  2 bloated husks
  A tarantella (Spider:2)
  A hornet (Swamp:3)
  A jumping spider (Spider:3)
  A yak (D:10)
  A dancing weapon (Spider:3)
  A neqoxec (Abyss:4)
  3 swamp drakes (Swamp:4)
  An orc wizard (Orc:2)
  44 foxfires
  A lurking horror (Abyss:4)
  11 starspawn tentacles
116 creatures vanquished.

Grand Total: 2441 creatures vanquished

Notes
Turn   | Place    | Note
-------+----------+-------------------------------------------
     0 | D:1      | Aldia the Spriggan Hunter began the quest for the Orb.
     0 | D:1      | Reached XP level 1. HP: 10/10 MP: 2/2
   122 | D:1      | Reached XP level 2. HP: 15/15 MP: 3/3
   684 | D:2      | Reached XP level 3. HP: 18/18 MP: 4/4
   815 | D:2      | Noticed a great orb of eyes
   817 | D:2      | Found a faded altar of an unknown god.
   819 | D:2      | Noticed a great orb of eyes
   819 | D:2      | Noticed a shining eye
   819 | D:2      | Noticed an eye of devastation
  1116 | D:2      | Reached XP level 4. HP: 19/23 MP: 5/5
  1717 | D:3      | Reached skill level 5 in Ranged Weapons
  1796 | D:3      | Identified the amulet of Moshrash {Spirit rF- Str+4 Int+6}
  1892 | D:3      | Found Rataun's Book Shop.
  2039 | D:3      | Reached skill level 1 in Evocations
  2091 | D:3      | Reached XP level 5. HP: 22/27 MP: 6/6
  2484 | D:4      | Noticed an ogre
  2659 | D:4      | Found Iddase's Armour Emporium.
  2700 | D:4      | Found a staircase to the Ecumenical Temple.
  2720 | Temple   | Entered the Ecumenical Temple
  2824 | D:4      | Found a white marble altar of Elyvilon.
  2829 | D:4      | Became a worshipper of Elyvilon the Healer
  3130 | D:4      | Found a basalt altar of Yredelemnul.
  3174 | D:4      | Killed an ogre
  3175 | D:4      | Reached XP level 6. HP: 32/32 MP: 7/7
  3216 | D:4      | Found a shadowy altar of Dithmenos.
  3443 | D:5      | Entered Level 5 of the Dungeon
  3443 | D:5      | Noticed Edmund
  3551 | D:5      | Reached * piety under Elyvilon
  3742 | D:5      | Found an iron altar of Okawaru.
  3749 | D:5      | Found a glowing golden altar of the Shining One.
  3750 | D:5      | Found a broken altar of Ashenzari.
  3751 | D:5      | Found a bloodstained altar of Trog.
  3751 | D:5      | Found an opulent altar of Gozag.
  3751 | D:5      | Found a stormy altar of Qazlal.
  3755 | D:5      | Found a sacrificial altar of Ru.
  3851 | D:5      | Reached skill level 5 in Dodging
  4002 | D:5      | Noticed an ice beast
  4061 | D:4      | Killed an ice beast
  4062 | D:4      | Reached XP level 7. HP: 36/36 MP: 8/8
  4272 | D:5      | Killed Edmund
  4306 | D:5      | Noticed Ijyb
  4316 | D:5      | Killed Ijyb
  4552 | D:6      | Noticed Sigmund
  5101 | D:6      | Noticed Grinder
  5148 | D:6      | Paralysed by Grinder for 2 turns
  5186 | D:5      | Killed Grinder
  5187 | D:5      | Reached XP level 8. HP: 17/42 MP: 9/9
  5300 | D:6      | Reached ** piety under Elyvilon
  5520 | D:6      | Found a shimmering altar of Xom.
  5521 | D:6      | Found a hazy altar of Hepliaklqana.
  5521 | D:6      | Noticed an unseen horror
  5522 | D:6      | Noticed a spectral ugly thing
  5522 | D:6      | Noticed an unseen horror
  6206 | D:6      | Killed Sigmund
  6552 | D:7      | Reached *** piety under Elyvilon
  6693 | D:7      | Reached skill level 1 in Invocations
  6875 | D:7      | Reached XP level 9. HP: 42/46 MP: 11/11
  7239 | D:8      | Noticed Maggie
  7254 | D:8      | Killed Maggie
  7255 | D:8      | Reached skill level 5 in Fighting
  7637 | D:8      | Noticed a two-headed ogre
  7826 | D:8      | Elyvilon protects you from harm!
  8092 | D:8      | Noticed Pikel
  8100 | D:8      | Killed Pikel
  8101 | D:8      | Reached skill level 1 in Armour
  8189 | D:8      | Noticed Jeremiah
  8199 | D:8      | Killed Jeremiah
  8200 | D:8      | Reached skill level 10 in Ranged Weapons
  8250 | D:8      | Reached **** piety under Elyvilon
  8723 | D:9      | Noticed Psyche
  8749 | D:8      | Killed Psyche
  8750 | D:8      | Reached XP level 10. HP: 51/51 MP: 14/14
  8959 | D:9      | Found a blossoming altar of Fedhas.
  9039 | D:9      | Found a shimmering blue altar of Sif Muna.
  9056 | D:9      | Reached ***** piety under Elyvilon
  9512 | D:9      | Noticed Erica
  9547 | D:9      | Killed Erica
  9920 | D:9      | Noticed Maurice
  9939 | D:9      | Maurice stole a ring of magical power
 10021 | D:9      | Killed Maurice
 10147 | D:10     | Entered Level 10 of the Dungeon
 10207 | D:10     | Noticed a death yak
 10271 | D:10     | Killed a death yak
 10272 | D:10     | Reached skill level 10 in Dodging
 10527 | D:10     | Noticed a two-headed ogre
 10646 | D:10     | Killed a two-headed ogre
 10647 | D:10     | Reached skill level 5 in Invocations
 10647 | D:10     | Reached XP level 11. HP: 56/56 MP: 15/15
 10658 | D:10     | Learned a level 3 spell: Teleport Other
 10701 | D:10     | Noticed Lodul
 10841 | D:10     | Noticed Nergalle
 10865 | D:10     | Killed Nergalle
 10902 | D:10     | Noticed a death yak
 10905 | D:10     | Noticed a death yak
 10909 | D:10     | Pacified a death yak
 10925 | D:10     | Killed a death yak
 10943 | D:10     | Pacified a death yak
 11041 | D:10     | Killed Lodul
 11055 | D:10     | Identified the +8 sling "Ykluarchu" {freeze, ^Drain rPois
                  | rN++ Int+3}
 11065 | D:10     | Noticed Joseph
 11103 | D:10     | Killed Joseph
 11146 | D:10     | Found a staircase to the Lair.
 11227 | D:10     | Noticed a two-headed ogre
 11258 | D:10     | Killed a two-headed ogre
 11483 | D:11     | Noticed a two-headed ogre
 11500 | D:11     | Killed a two-headed ogre
 11501 | D:11     | Reached skill level 1 in Shields
 11654 | D:11     | Noticed a boulder beetle
 11660 | D:11     | Pacified a boulder beetle
 11890 | D:11     | Noticed a two-headed ogre
 11894 | D:11     | Killed a two-headed ogre
 12137 | Lair:1   | Entered Level 1 of the Lair of Beasts
 12231 | Lair:1   | Reached XP level 12. HP: 62/62 MP: 17/17
 12456 | Lair:1   | Learned a level 4 spell: Dimensional Bullseye
 13081 | Lair:2   | Reached skill level 1 in Translocations
 13135 | Lair:2   | Noticed a boulder beetle
 13143 | Lair:2   | Pacified a boulder beetle
 13249 | Lair:2   | Reached skill level 1 in Hexes
 13331 | Lair:2   | You fall into a shaft and drop 1 floor!
 13523 | Lair:3   | Found a transporter.
 13533 | Lair:3   | Found a gate leading to a gauntlet.
 13542 | Gauntlet | Entered a Gauntlet
 13542 | Gauntlet | Found a transporter.
 13542 | Gauntlet | Found a transporter.
 13543 | Gauntlet | Found a transporter.
 13543 | Gauntlet | Found a transporter.
 13544 | Gauntlet | Noticed an entropy weaver
 13546 | Gauntlet | Found a transporter.
 13557 | Gauntlet | Found a transporter.
 13558 | Gauntlet | Found a transporter.
 13564 | Gauntlet | Found a transporter.
 13585 | Gauntlet | Found a transporter.
 13586 | Gauntlet | Found a transporter.
 13659 | Gauntlet | Found a transporter.
 13665 | Gauntlet | Noticed a tengu warrior
 13683 | Gauntlet | Found a transporter.
 13927 | Gauntlet | Identified the ring "Babaor" {Int+6 SInv}
 14024 | Gauntlet | Identified the ring "Lethrueso" {rElec Str+3 Int+2 Dex+6}
 14038 | Gauntlet | Identified the amulet "Ethroism" {Acrobat rPois Will-
                  | Regen+}
 14038 | Gauntlet | Noticed a minotaur
 14066 | Lair:3   | Noticed yey's ghost (journeyman DrGl)
 14077 | Lair:3   | Reached skill level 1 in Spellcasting
 14077 | Lair:3   | Reached skill level 5 in Translocations
 14290 | Lair:2   | Reached skill level 5 in Shields
 14353 | Lair:2   | Reached ****** piety under Elyvilon
 14391 | Lair:2   | Reached XP level 13. HP: 66/66 MP: 18/18
 14776 | Lair:3   | Found a transporter.
 15033 | Lair:3   | Found a hole to the Spider Nest.
 15187 | Lair:3   | Found a staircase to the Swamp.
 15351 | Lair:4   | Gained mutation: You passively dampen the noise of your
                  | surroundings. [potion of mutation]
 15351 | Lair:4   | Gained mutation: You have very sharp teeth. [potion of
                  | mutation]
 15351 | Lair:4   | Gained mutation: Your muscles are strong. (Str +4, Int/Dex
                  | -1) [potion of mutation]
 15442 | Lair:4   | Reached skill level 5 in Hexes
 15620 | Lair:4   | Learned a level 3 spell: Tukima's Dance
 16828 | Lair:5   | Entered Level 5 of the Lair of Beasts
 17098 | Lair:5   | HP: 1/68 [ice dragon/blast of cold (48)]
 17316 | Lair:5   | Reached skill level 15 in Dodging
 17509 | Lair:5   | Reached XP level 14. HP: 73/73 MP: 20/20
 17726 | Lair:5   | Found a staircase to the Slime Pits.
 17749 | Lair:5   | Identified the amulet "Ulabouna" {Faith rPois rN+}
 17854 | Lair:5   | Reached skill level 10 in Translocations
 18755 | D:11     | Found a staircase to the Orcish Mines.
 19162 | D:12     | Learned a level 2 spell: Blink
 19264 | D:12     | Noticed Jorgrun
 19290 | D:12     | Killed Jorgrun
 19432 | D:12     | Identified the maw talisman of the Hippogriff {Will+ rCorr
                  | Str+2}
 19592 | Orc:1    | Entered Level 1 of the Orcish Mines
 19643 | Orc:1    | Noticed an orc warlord
 19754 | D:11     | Killed an orc warlord
 20086 | Orc:1    | Noticed an orc warlord
 20144 | Orc:1    | Killed an orc warlord
 20379 | Orc:2    | Entered Level 2 of the Orcish Mines
 20476 | Orc:2    | Found a staircase to the Elven Halls.
 20946 | Orc:2    | Reached XP level 15. HP: 56/79 MP: 22/22
 21051 | Orc:2    | Found Yxoumola's Jewellery Boutique.
 21154 | Orc:2    | Found Juetzu's General Store.
 21155 | Orc:2    | Found Ycui's Book Boutique.
 21156 | Orc:2    | Found Zoppeb's Assorted Antiques.
 21160 | Orc:2    | Found Qulemyamm's Distillery.
 21163 | Orc:2    | Bought a scroll of revelation for 90 gold pieces
 21171 | Orc:2    | Bought a vibrating steel amulet for 145 gold pieces
 21171 | Orc:2    | Identified the amulet "Rol Gem" {Acrobat Str+6 Slay+5
                  | Stlth-} (You bought it in a shop on level 2 of the Orcish
                  | Mines)
 21402 | Orc:2    | Bought a book of the Warp for 630 gold pieces
 21409 | Orc:2    | Learned a level 6 spell: Dispersal
 21410 | Orc:2    | Bought a sack of spiders for 480 gold pieces
 21410 | Orc:2    | Bought a scroll of immolation for 48 gold pieces
 21418 | Orc:2    | Bought a potion of curing for 48 gold pieces
 21418 | Orc:2    | Bought a potion of curing for 48 gold pieces
 21418 | Orc:2    | Bought a potion of resistance for 160 gold pieces
 21418 | Orc:2    | Bought a potion of haste for 160 gold pieces
 22186 | D:13     | Found a gate to the Vaults.
 22390 | D:14     | Reached skill level 5 in Spellcasting
 23079 | D:15     | Entered Level 15 of the Dungeon
 23112 | D:15     | Reached skill level 10 in Fighting
 23180 | D:15     | Found Ytuxt's Distillery.
 23680 | D:15     | HP: 3/80 [stone giant/large rock (38)]
 24238 | D:15     | Found a staircase to the Depths.
 24339 | D:15     | Got the Compendium of the Impact
 24687 | Swamp:1  | Entered Level 1 of the Swamp
 24726 | Swamp:1  | Identified the serpent talisman of the Dowdy God {rF+ rC+}
 24726 | Swamp:1  | Noticed Aizul
 24800 | Swamp:1  | Killed Aizul
 24945 | Swamp:1  | Reached skill level 10 in Invocations
 24945 | Swamp:1  | Reached XP level 16. HP: 86/86 MP: 24/24
 25264 | Swamp:1  | Identified the +5 rapier of Wariness {flame, Str+3}
 25427 | Swamp:2  | Found a transporter.
 25450 | Swamp:2  | Reached skill level 5 in Evocations
 25625 | Swamp:2  | Found a transporter.
 25852 | Swamp:2  | Reached skill level 15 in Translocations
 25989 | Swamp:2  | Identified the +9 short sword of Disaster {flame, rC+}
 26109 | Swamp:2  | Found a transporter.
 26114 | Swamp:2  | Found a transporter.
 26114 | Swamp:2  | Noticed biznut's ghost (journeyman SpEn)
 26123 | Swamp:2  | Noticed a tentacled monstrosity
 26426 | Swamp:3  | HP: 2/86 [poisoned by a death drake (dark miasma)]
 26427 | Swamp:3  | Elyvilon protects you from harm!
 27223 | Swamp:3  | Learned a level 5 spell: Yara's Violent Unravelling
 27293 | Swamp:3  | Reached skill level 1 in Alchemy
 28052 | Swamp:3  | Got the Volume of Polluted Debased Rituals
 28130 | Swamp:4  | Entered Level 4 of the Swamp
 28352 | Spider:1 | Entered Level 1 of the Spider Nest
 28403 | Spider:1 | Learned a level 4 spell: Passage of Golubria
 28507 | Spider:1 | Reached skill level 5 in Alchemy
 28797 | Spider:1 | Reached XP level 17. HP: 89/91 MP: 27/30
 29204 | Spider:1 | Identified the +8 shortbow "Mueraibli" {heavy, Fly rCorr}
 29891 | Spider:2 | Learned a level 8 spell: Disjunction
 29970 | Spider:2 | Identified the +1 pair of gloves of Inevit {Harm}
 30615 | Spider:2 | Reached skill level 10 in Hexes
 30889 | Spider:2 | Identified the ring "Ahusoxon" {Fly rElec Dex+5}
 31746 | Spider:3 | Noticed Azrael
 32682 | Spider:2 | Identified the +1 pair of gloves "Jempeov" {rF++ Stlth-}
 32763 | Spider:4 | Entered Level 4 of the Spider Nest
 33290 | Swamp:4  | Noticed Donald
 33361 | Swamp:3  | Killed Donald
 33362 | Swamp:3  | Reached XP level 18. HP: 93/98 MP: 11/31
 33588 | Swamp:4  | Noticed Mara
 33617 | Swamp:4  | Noticed Aldia's illusion
 33636 | Swamp:4  | HP: 1/98 [something/bolt of fire (61)]
 33941 | Swamp:4  | Got a decaying rune of Zot
 34019 | Swamp:4  | Noticed Aldia's illusion
 35160 | Spider:4 | Noticed Arachne
 35188 | Spider:4 | Killed Arachne
 35774 | Spider:4 | Reached skill level 10 in Spellcasting
 35810 | Spider:4 | Got a gossamer rune of Zot
 36918 | Vaults:1 | Entered Level 1 of the Vaults
 37106 | Vaults:1 | Reached skill level 15 in Ranged Weapons
 37798 | Vaults:1 | Reached XP level 19. HP: 88/103 MP: 34/34
 38149 | Vaults:1 | Found Ukhanoug's Weapon Emporium.
 38836 | Vaults:2 | Found Avierid's Armour Emporium.
 38995 | Vaults:2 | Identified the +1 great sword "Xeadar" {drain, rPois rF++
                  | rCorr Str-4}
 39059 | Vaults:2 | Found a runed translucent gate.
 39059 | Vaults:2 | Found a runed translucent gate.
 39059 | Vaults:2 | Found a runed translucent gate.
 39318 | Vaults:2 | Reached skill level 10 in Alchemy
 39725 | Vaults:2 | Found a staircase to the Crypt.
 40175 | Vaults:3 | Reached XP level 20. HP: 108/110 MP: 35/35
 40413 | Vaults:3 | Noticed Mennas
 40498 | Vaults:3 | Killed Mennas
 40821 | Vaults:3 | Noticed Sojobo
 40844 | Vaults:3 | Paralysed by an air elemental for 1 turns
 40850 | Vaults:3 | Paralysed by an air elemental for 1 turns
 40948 | Vaults:3 | Killed Sojobo
 42911 | Elf:1    | Entered Level 1 of the Elven Halls
 42929 | Elf:1    | Reached XP level 21. HP: 111/116 MP: 35/37
 42955 | Elf:1    | Found a huge runed translucent gate.
 42955 | Elf:1    | Found a huge runed translucent gate.
 42955 | Elf:1    | Found a huge runed translucent gate.
 42955 | Elf:1    | Found a huge runed translucent gate.
 42955 | Elf:1    | Found a huge runed translucent gate.
 42956 | Elf:1    | Found a huge runed translucent gate.
 42956 | Elf:1    | Found a huge runed translucent gate.
 42956 | Elf:1    | Found a huge runed translucent gate.
 42956 | Elf:1    | Found a huge runed translucent gate.
 42958 | Elf:1    | Found a huge runed translucent gate.
 42958 | Elf:1    | Found a huge runed translucent gate.
 42958 | Elf:1    | Found a huge runed translucent gate.
 42961 | Elf:1    | Found a huge runed translucent gate.
 42961 | Elf:1    | Found a huge runed translucent gate.
 42962 | Elf:1    | Found a huge runed translucent gate.
 42962 | Elf:1    | Found a huge runed translucent gate.
 42966 | Elf:1    | Found a huge runed translucent gate.
 42966 | Elf:1    | Found a huge runed translucent gate.
 42966 | Elf:1    | Found a huge runed translucent gate.
 42967 | Elf:1    | Found a huge runed translucent gate.
 43414 | Elf:1    | Reached skill level 15 in Fighting
 43989 | Elf:2    | Reached XP level 22. HP: 122/122 MP: 32/39
 44125 | Elf:2    | Found a runed translucent gate.
 44126 | Elf:2    | Found a runed translucent gate.
 44126 | Elf:2    | Found a runed translucent gate.
 44346 | Elf:3    | Entered Level 3 of the Elven Halls
 44836 | Elf:3    | Identified the ring of Nov Maom {Will+ Dex+3}
 45484 | Elf:3    | Identified the amulet "Cihior" {Faith rC+ Will- rCorr}
 45702 | Elf:3    | Identified the ring "Pirchay" {rCorr Int+6}
 45857 | Elf:3    | Got the Quarto of Creation and Sinister Rituals
 45932 | Elf:3    | Identified the death talisman of the Pits of Slime {+Blink
                  | rCorr Str+2}
 45936 | Elf:3    | Got Sif Muna's Compilation of Gritty Spellbinding
 45947 | Elf:3    | Got the Codex of Snow and the Shot
 45967 | Elf:3    | Learned a level 7 spell: Enfeeble
 46248 | Crypt:1  | Entered Level 1 of the Crypt
 46829 | Depths:1 | Entered Level 1 of the Depths
 46832 | Depths:1 | Found an ancient bone altar of Kikubaaqudgha.
 46968 | Depths:1 | You fall into a shaft and drop 1 floor!
 47005 | Depths:2 | Found a one-way gate leading to the halls of Pandemonium.
 47172 | Depths:1 | Found a gateway to Hell.
 47424 | Depths:1 | Identified the +5 spear of the Bespelling Queen {freeze,
                  | rPois rC+++ Str-5 SInv}
 48160 | Orc:2    | Bought the ring "Megueh" {*Corrode rPois rC+ EV+5 Str+3}
                  | for 768 gold pieces
 48411 | Depths:2 | Noticed a caustic shrike
 48416 | Depths:2 | Noticed a caustic shrike
 48418 | Depths:2 | Noticed a caustic shrike
 48419 | Depths:2 | Noticed a caustic shrike
 48439 | Depths:2 | Pacified a caustic shrike
 48440 | Depths:2 | Pacified a caustic shrike
 48441 | Depths:2 | Killed a caustic shrike
 48445 | Depths:2 | Found a one-way gateway to a ziggurat.
 48534 | Depths:2 | Noticed a caustic shrike
 48541 | Depths:2 | Pacified a caustic shrike
 48541 | Depths:2 | Noticed a caustic shrike
 48547 | Depths:2 | Pacified a caustic shrike
 48548 | Depths:2 | Noticed a caustic shrike
 48550 | Depths:2 | Pacified a caustic shrike
 48556 | Depths:2 | Noticed a caustic shrike
 48559 | Depths:2 | Noticed a caustic shrike
 48559 | Depths:2 | Noticed a caustic shrike
 48562 | Depths:2 | Pacified a caustic shrike
 48564 | Depths:2 | Pacified a caustic shrike
 48565 | Depths:2 | Reached XP level 23. HP: 118/128 MP: 30/40
 49027 | Depths:2 | Reached skill level 5 in Armour
 49062 | Depths:2 | Pacified a caustic shrike
 49470 | Depths:2 | Reached skill level 15 in Hexes
 50409 | Depths:3 | Found a radiant altar of Vehumet.
 50878 | Depths:3 | Found Ilergh's Book Emporium.
 50878 | Depths:3 | Found Akheshyx's Jewellery Boutique.
 50879 | Depths:3 | Found Atetopt's Jewellery Boutique.
 50886 | Depths:3 | Bought a manual of Fighting for 1120 gold pieces
 50890 | Depths:3 | Bought a book of Cantrips for 224 gold pieces
 50892 | Depths:3 | Learned a level 1 spell: Apportation
 51190 | Depths:3 | Found a one-way gate to the infinite horrors of the Abyss.
 51378 | Depths:3 | Found a basalt altar of Yredelemnul.
 51378 | Depths:3 | Noticed Jory
 51507 | Depths:3 | Killed Jory
 51602 | Depths:4 | Entered Level 4 of the Depths
 51622 | Depths:4 | Found the +8 arc blade {discharge, rElec}
 51630 | Depths:4 | Found a shimmering altar of Xom.
 51923 | Depths:4 | Reached XP level 24. HP: 137/137 MP: 40/40
 51976 | Depths:3 | Bought the ring "Atraojul" {Wiz rF+ Will+ Dex-2} for 499
                  | gold pieces
 52451 | Depths:4 | Found a blossoming altar of Fedhas.
 53210 | Depths:4 | Found a gate to the Realm of Zot.
 53377 | Depths:3 | Voluntarily entered the Abyss.
 53770 | Abyss:2  | Paralysed by accursed screaming for 2 turns
 53865 | Abyss:2  | Found a corrupted altar of Lugonu.
 54026 | Abyss:3  | Found a corrupted altar of Lugonu.
 54162 | Abyss:4  | Found a corrupted altar of Lugonu.
 54331 | Abyss:4  | Gained mutation: You sometimes lose your temper in combat.
                  | [a neqoxec]
 54351 | Depths:3 | Escaped the Abyss
 54408 | Depths:3 | Lost mutation: You have very sharp teeth. [potion of
                  | mutation]
 54408 | Depths:3 | Lost mutation: You sometimes lose your temper in combat.
                  | [potion of mutation]
 54410 | Depths:3 | Voluntarily entered the Abyss.
 54734 | Abyss:4  | Found a corrupted altar of Lugonu.
 54849 | Abyss:4  | Got an abyssal rune of Zot
 54883 | Depths:3 | Escaped the Abyss
 57673 | Crypt:3  | Entered Level 3 of the Crypt
 57786 | Crypt:3  | Reached XP level 25. HP: 147/147 MP: 41/41
 57866 | Crypt:3  | Learned a level 8 spell: Discord
 58369 | Crypt:2  | Found an ancient bone altar of Kikubaaqudgha.
 58374 | Crypt:2  | Identified the +1 great mace "Kifoqurch" {heavy, *Corrode
                  | rElec Str+3}
 58468 | Crypt:3  | Noticed a dread lich
 58479 | Crypt:3  | Killed a dread lich
 58602 | Crypt:3  | Found a staircase to the Tomb.
 59179 | Crypt:3  | Found a basalt altar of Yredelemnul.
 59197 | Crypt:3  | Found an ancient bone altar of Kikubaaqudgha.
 59273 | Crypt:3  | Identified the staff "Reneseym" {*Corrode rElec rN+ Int+3
                  | Dex+2 Necro}
 59297 | Crypt:3  | Got the Spellbook of Baleful Topology
 59299 | Crypt:3  | Got Laixuh Pomeu's Octavo of the Foggy Icicle
 59766 | Zot:1    | Entered Level 1 of the Realm of Zot
 60059 | Zot:1    | Noticed Parghit
 60169 | Zot:1    | Banished Parghit
 60994 | Zot:2    | Reached skill level 10 in Evocations
 61745 | Zot:2    | Reached XP level 26. HP: 106/152 MP: 38/41
 62499 | Zot:3    | Noticed Grunn
 62508 | Zot:3    | Killed Grunn
 62808 | Zot:3    | Found a transporter.
 63041 | Zot:3    | Found a transporter.
 63648 | Zot:4    | Reached skill level 10 in Armour
 63781 | Zot:4    | Noticed an orb of fire
 64097 | Zot:4    | Reached skill level 5 in Stealth
 64113 | Zot:4    | Reached skill level 15 in Invocations
 64593 | Zot:4    | Gained mutation: You do not regenerate when monsters are
                  | visible. [an orb of fire]
 64594 | Zot:4    | Gained mutation: You occasionally lose the ability to drink
                  | potions when taking damage. [an orb of fire]
 64594 | Zot:4    | Gained mutation: You are frail. (-10% HP) [an orb of fire]
 64599 | Zot:4    | Gained mutation: Your body sometimes deteriorates upon
                  | taking damage. [an orb of fire]
 64600 | Zot:4    | Gained mutation: You are occasionally teleported next to
                  | monsters. [an orb of fire]
 64602 | Zot:4    | Gained mutation: Armour fits poorly on your strangely
                  | shaped body. [an orb of fire]
 64603 | Zot:4    | Gained mutation: You sometimes lose the ability to drink
                  | potions when taking damage. [an orb of fire]
 64604 | Zot:4    | Killed an orb of fire
 64605 | Zot:4    | Lost mutation: Your muscles are strong. (Str +4, Int/Dex
                  | -1) [potion of mutation]
 64605 | Zot:4    | Lost mutation: Your body sometimes deteriorates upon taking
                  | damage. [potion of mutation]
 64605 | Zot:4    | Lost mutation: Armour fits poorly on your strangely shaped
                  | body. [potion of mutation]
 64605 | Zot:4    | Gained mutation: You have sharp fingernails. [potion of
                  | mutation]
 64606 | Zot:4    | Lost mutation: You have sharp fingernails. [potion of
                  | mutation]
 64606 | Zot:4    | Lost mutation: You are occasionally teleported next to
                  | monsters. [potion of mutation]
 64606 | Zot:4    | Lost mutation: You are frail. (-10% HP) [potion of
                  | mutation]
 64607 | Zot:4    | Lost mutation: You sometimes lose the ability to drink
                  | potions when taking damage. [potion of mutation]
 64607 | Zot:4    | Lost mutation: You passively dampen the noise of your
                  | surroundings. [potion of mutation]
 64607 | Zot:4    | Lost mutation: You do not regenerate when monsters are
                  | visible. [potion of mutation]
 64607 | Zot:4    | Gained mutation: You are weak. (Str -2) [potion of
                  | mutation]
 64607 | Zot:4    | Gained mutation: You have hidden genetic defects. [potion
                  | of mutation]
 64607 | Zot:4    | Gained mutation: You passively dampen the noise of your
                  | surroundings. [potion of mutation]
 64608 | Zot:4    | Lost mutation: You occasionally lose the ability to drink
                  | potions when taking damage. [potion of mutation]
 64608 | Zot:4    | Lost mutation: You have hidden genetic defects. [potion of
                  | mutation]
 64608 | Zot:4    | Lost mutation: You passively dampen the noise of your
                  | surroundings. [potion of mutation]
 64608 | Zot:4    | Gained mutation: You occasionally lose the ability to drink
                  | potions when taking damage. [potion of mutation]
 64608 | Zot:4    | Gained mutation: Your spells are a little harder to cast,
                  | but a little more powerful. [potion of mutation]
 64609 | Zot:4    | Lost mutation: You are weak. (Str -2) [potion of mutation]
 64609 | Zot:4    | Lost mutation: You occasionally lose the ability to drink
                  | potions when taking damage. [potion of mutation]
 64609 | Zot:4    | Lost mutation: Your spells are a little harder to cast, but
                  | a little more powerful. [potion of mutation]
 64609 | Zot:4    | Gained mutation: You occasionally shout uncontrollably at
                  | your foes. [potion of mutation]
 64609 | Zot:4    | Gained mutation: You have an increased reservoir of magic.
                  | (+10% MP) [potion of mutation]
 64609 | Zot:4    | Lost mutation: You occasionally shout uncontrollably at
                  | your foes. [potion of mutation]
 64609 | Zot:4    | Gained mutation: You have a pair of small horns on your
                  | head. [potion of mutation]
 64618 | Zot:5    | Entered Level 5 of the Realm of Zot
 64741 | Zot:5    | Reached skill level 10 in Stealth
 65310 | Zot:5    | Found a viscous altar of Jiyva.
 65449 | Zot:5    | Identified the +1 cloak of the Lute {Fly Int+3}
 65451 | Zot:5    | Identified the +2 cloak "Anon" {Harm}
 65456 | Zot:5    | Found a transporter.
 65463 | Zot:5    | Found a bloodstained altar of Trog.
 65463 | Zot:5    | Identified the ring "Xijecoge" {rF- Str+6 Int+5 Dex+4
                  | Slay+3}
 65464 | Zot:5    | Noticed greynaab's ghost (legendary HOGl)
 65476 | Zot:5    | Found a transporter.
 65741 | Zot:5    | Noticed a dread lich
 65756 | Zot:5    | Killed a dread lich
 65784 | Zot:5    | Noticed an orb of fire
 65790 | Zot:5    | Gained mutation: Potions are less effective at restoring
                  | your health. [an orb of fire]
 65795 | Zot:5    | Killed an orb of fire
 65981 | Zot:5    | Noticed an orb of fire
 66021 | Zot:5    | Killed an orb of fire
 66156 | Zot:5    | Noticed an orb of fire
 66160 | Zot:5    | Gained mutation: You are weak. (Str -2) [an orb of fire]
 66162 | Zot:5    | Gained mutation: Armour fits poorly on your strangely
                  | shaped body. [an orb of fire]
 66165 | Zot:5    | Killed an orb of fire
 66170 | Zot:5    | HP: 1/152 [Killer Klown/klown pie (40)]
 66306 | Zot:5    | Lost mutation: You have an increased reservoir of magic.
                  | (+10% MP) [potion of mutation]
 66306 | Zot:5    | Lost mutation: You have a pair of small horns on your head.
                  | [potion of mutation]
 66306 | Zot:5    | Lost mutation: You are weak. (Str -2) [potion of mutation]
 66306 | Zot:5    | Gained mutation: You have a pair of small horns on your
                  | head. [potion of mutation]
 66306 | Zot:5    | Gained mutation: You are partially covered in iridescent
                  | scales. (AC +2) [potion of mutation]
 66306 | Zot:5    | Lost mutation: You are partially covered in iridescent
                  | scales. (AC +2) [potion of mutation]
 66306 | Zot:5    | Gained mutation: You possess an exceptional clarity of
                  | mind. [potion of mutation]
 66307 | Zot:5    | Lost mutation: You have a pair of small horns on your head.
                  | [potion of mutation]
 66307 | Zot:5    | Lost mutation: Armour fits poorly on your strangely shaped
                  | body. [potion of mutation]
 66307 | Zot:5    | Gained mutation: Your mind is acute. (Int +4, Str/Dex -1)
                  | [potion of mutation]
 66307 | Zot:5    | Gained mutation: You are agile. (Dex +4, Str/Int -1)
                  | [potion of mutation]
 66384 | Zot:5    | Reached XP level 27. HP: 156/156 MP: 41/41
 66471 | Zot:5    | Noticed an orb of fire
 66483 | Zot:5    | Gained mutation: Potions cannot restore your health. [an
                  | orb of fire]
 66484 | Zot:5    | Gained mutation: Your body sometimes deteriorates upon
                  | taking damage. [an orb of fire]
 66489 | Zot:5    | Killed an orb of fire
 66639 | Zot:5    | Noticed an orb of fire
 66835 | Zot:5    | Gained mutation: You are weak. (Str -2) [an orb of fire]
 66838 | Zot:5    | Gained mutation: You occasionally lose the ability to read
                  | scrolls when taking damage. [an orb of fire]
 66866 | Zot:5    | Killed an orb of fire
 66946 | Zot:5    | Lost mutation: You possess an exceptional clarity of mind.
                  | [potion of mutation]
 66946 | Zot:5    | Lost mutation: Your mind is acute. (Int +4, Str/Dex -1)
                  | [potion of mutation]
 66946 | Zot:5    | Lost mutation: You are weak. (Str -2) [potion of mutation]
 66946 | Zot:5    | Gained mutation: You are vulnerable to cold. (rC-) [potion
                  | of mutation]
 67240 | Zot:5    | Noticed an orb of fire
 67378 | Zot:5    | Killed an orb of fire
 67488 | Zot:5    | Got the Orb of Zot
 67747 | Depths:2 | Noticed Dopnotan the pandemonium lord
 68134 | D:$      | Escaped with the Orb!

Illustrated notes

Levels and vault maps discovered:
D:1:      erik_arrival_blinker_ship, layout_rooms
D:2:      layout_basic, hellmonk_ecumenical_altar_watching_god,
          minmay_misc_feat_cross
D:3:      minmay_door_path, layout_loops_ring, serial_shops, shop, minivault_5,
          chequers_serial_rivers_marsh, guppyfry_early_lair_pool
D:4:      layout_basic, mainiacjoe_overflow_cross_hatched, lemuel_crystal_altar,
          nicolae_elyvilon_peaceful_grove, temple_pool_b, serial_shops,
          nicolae_shop_tiny_real_fake_doors
D:5:      layout_loops_ring, minitemple, uniq_edmund, uniq_ijyb
D:6:      layout_basic, regret_index_temple_of_mockery, uniq_grinder,
          uniq_sigmund
D:7:      layout_loops_ring
D:8:      layout_cave_pods, uniq_pikel, uniq_jeremiah, uniq_maggie
D:9:      layout_grid_maze, amcnicky_altar_gilded,
          hellmonk_sif_muna_bookshelves, uniq_maurice, uniq_psyche, uniq_erica
D:10:     layout_gridville, dpeg_lair_monsters, uniq_nergalle, uniq_joseph,
          uniq_lodul
D:11:     layout_stronghold, david_orc_5, the_hattery
D:12:     layout_roguey, serial_bayou_pond_a, uniq_jorgrun
D:13:     layout_loops_ring, david_vaults_5
D:14:     minmay_curly_fans, layout_rooms, chequers_serial_rivers_room_a,
          serial_glass, glass_columns_a, glass_columns_a, glass_columns_b,
          glass_columns_b, minivault_16
D:15:     grunt_enter_depths_magical_seal, layout_basic, serial_shops, shop,
          chequers_serial_rivers_micro_a, minmay_checkered_concentric_circles
Temple:   nicolae_temple_two_arcs
Lair:1:   layout_roguey, minmay_lair_oklob_items
Lair:2:   layout_long_grid, st_stairs_3, grunt_megastairs_1
Lair:3:   layout_gridlike, mainiacjoe_swamp_entry_lozenge_pond,
          spider_nest_entry_rubble, gammafunk_ghost_berserking_beasts,
          gauntlet_entry_generic
Lair:4:   layout_layer_cave, beast_lair_carwin_9
Lair:5:   guppyfry_lair_end_dragon, layout_big_grid,
          hangedman_lair_tendril_chambers, nicolae_slime_entry_slimehenge,
          chequers_serial_rivers_room_a, kennysheep_rathole
Swamp:1:  layout_basic_swamp, serial_swamp_ruin, evilmike_swamp_ruin_house_5,
          hangedman_swamp_ruin_wall, uniq_aizul
Swamp:2:  gammafunk_worm_tunnel, layout_falls_marsh, gammafunk_ghost_arena,
          evilmike_swamp_ruin_rubble_1, hangedman_swamp_lotus
Swamp:3:  regret_index_all_hallows'_manor, layout_basic_swamp,
          nicolae_swamp_rocky_clearing, swamp_pool_4
Swamp:4:  swamp_fiery, layout_basic_swamp, hangedman_swamp_blocks,
          infiniplex_staircase_pool, uniq_donald, uniq_mara
Spider:1: layout_spider_delve, hangedman_spider_tarantella_strand
Spider:2: spider_temple_joshua, worms_lemuel
Spider:3: cheibrodos_spider_silkery, hellmonk_spider_spawner, uniq_azrael
Spider:4: grunt_spider_rune_parallel, hellmonk_deceptive_appearances,
          uniq_arachne
Orc:1:    layout_diamond_mine
Orc:2:    st_orc_mages, layout_diamond_mine, serial_shops, nicolae_shop_crystal
Elf:1:    layout_geoelf_diagonals, hangedman_elf_represent,
          hangedman_decor_cross_pass
Elf:2:    nicolae_elf_blades_crystal_corner, layout_rooms, nicolae_elf_m_pinch,
          grunt_ministairs_3
Elf:3:    elf_hall_gauntlet_narrow, layout_loops_corners,
          minmay_the_grid_square_5x5_3x3_mashed
          [minmay_the_grid_square_5x5_tetrominoes,
          minmay_the_grid_square_5x5_shrine2, minmay_the_grid_square_5x5_eight,
          minmay_the_grid_square_5x5_meh,
          minmay_the_grid_square_5x5_megaprize_diamond,
          minmay_the_grid_square_5x5_mess, minmay_the_grid_square_5x5_fat_x,
          minmay_the_grid_square_5x5_pentomino_r,
          minmay_the_grid_square_5x5_comb]
Vaults:1: v_misc_9, nicolae_vaults_network_quinsquares
          [nicolae_vaults_network_quincunx_subvault,
          nicolae_vaults_network_quincunx_subvault,
          nicolae_vaults_network_quincunx_subvault,
          nicolae_vaults_network_quincunx_subvault],
          ontoclasm_vaults_ring_large, nicolae_vaults_border_crossing,
          vaults_room_octagon, nicolae_vaults_taking_the_gang_shopping,
          nicolae_vaults_hexular_roomagon, ontoclasm_vaults_loading_screen,
          nicolae_vaults_double_plus_2, nicolae_vaults_tetromino_Z_1,
          vaults_room_guarded_vault, layout_vaults_omnigrid
Vaults:2: vaults_room_fours, minmay_crypt_entry_simple_sparse,
          abrahamwl_protected_by_tso_1, vaults_room_large_hall,
          nicolae_vaults_storage_closets_2, vaults_room_hallway,
          vaults_room_grid, nicolae_vaults_storage_room_glass, minmay_orc_keep,
          nicolae_vaults_weapon_check, nicolae_vaults_surprise_closet,
          layout_vaults_omnibox, serial_shops, shop
Vaults:3: nicolae_vaults_variable_pillar_hall, v_misc_33, v_misc_3, v_misc_30,
          nicolae_vaults_halls_meeting, v_misc_12, v_misc_3,
          nicolae_vaults_heart-shaped_vault, vaults_mumra_lcd,
          nicolae_vaults_asterisk, layout_vaults_big_cross, uniq_sojobo,
          uniq_mennas
Vaults:4: cheibrodos_frozen_isle, v_pattern_3, vaults_room_pool,
          v_alt_pattern_6, ontoclasm_vaults_chip, nicolae_vaults_octothorpe,
          nicolae_vaults_stepped_doors, nicolae_vaults_diamond_2,
          nicolae_vaults_tetromino_L_2, v_misc_29, layout_vaults_big_room
Crypt:1:  layout_basic, minivault_4, grunt_crypt_arrival_webbed,
          grunt_megastairs_2
Crypt:2:  layout_gridlike, grunt_megastairs_5, lemuel_upstairs_altar
Crypt:3:  lightli_unholy_cathedral, layout_chaotic_city,
          tomb_entry_forgotten_bobbens, st_burial_chamber,
          roderic_lattice_octagonal_star
Depths:1: layout_gridville, hell_entry, hex_tiny, minmay_fountain_box,
          nicolae_kikubaaqudgha_miasma_corner
Depths:2: grunt_crosshair, layout_gridlike, enter_ziggurat_e,
          pf_vacation_house_of_asmodeus, pan_entry
Depths:3: lemuel_vampire_tower, layout_long_grid, abyss_entry, glass_columns_b,
          grunt_mini_vestibule, nicolae_benzene_ring, vehumet_crystals,
          minmay_shop_grove, infiniplex_staircase_zigzag_5
Depths:4: grunt_zot_entry_bicorn, layout_long_grid, serial_glass,
          glass_columns_b, glass_columns_c, glass_columns_c, glass_columns_c,
          glass_columns_a, glass_columns_b, glass_columns_c, glass_columns_b,
          pf_hell_entry_tar_spiral, fedhas_altar_4, brannock_xom_greatest_gift
Zot:1:    layout_misc_corridors, regret_index_zotdec_iron_s, uniq_parghit
Zot:2:    layout_basic, regret_index_zotdec_stipple_waver
Zot:3:    gammafunk_dig_for_victory, layout_onion,
          regret_index_zotdec_glowing_original, uniq_grunn
Zot:4:    layout_gridlike, regret_index_zotdec_fiery_em, grunt_megastairs_4
Zot:5:    layout_concentric_octagons, gammafunk_ghost_wrathful_warriors,
          regret_index_zotdec_slimy_original

Skill      XL: |  1  2  3  4  5  6  7  8  9 10 11 12 13 14 15 16 17 18 19 20 21 22 23 24 25 26 27 |
---------------+----------------------------------------------------------------------------------+-----
Stealth        | 2 3 10 | 10.4
Dodging        | 3 4 5 6 7 9 10 12 13 15 16 17 18 19 20 21 22 23 | 23.6
Fighting       | 2 3 4 5 6 8 9 10 11 12 13 14 15 16 17 20 | 20.0
Ranged Weapons | 5 6 7 8 10 11 13 14 15 17 18 | 18.0
Evocations     | 1 2 3 4 8 10 13 | 13.0
Invocations    | 1 4 5 6 8 10 12 13 16 | 16.0
Armour         | 2 3 4 6 8 9 11 | 11.0
Shields        | 2 5 |  5.6
Translocations | 5 9 11 14 16 17 19 20 22 23 | 23.8
Hexes          | 4 7 8 9 10 11 12 13 18 21 22 23 | 23.0
Spellcasting   | 2 3 4 5 8 10 11 12 13 | 13.0
Alchemy        | 5 8 9 10 | 10.0

Action                     |  1- 3 |  4- 6 |  7- 9 | 10-12 | 13-15 | 16-18 | 19-21 | 22-24 | 25-27 || total
---------------------------+-------+-------+-------+-------+-------+-------+-------+-------+-------++-------
  Melee: Hand cannon       |       |       |       |       |       |       |       |     2 |       ||     2
   Fire: Shortbow          |   125 |   235 |   163 |       |       |       |       |       |       ||   523
         Orcbow            |       |       |   292 |   428 |       |       |       |       |       ||   720
         Sling             |       |       |       |   470 |  2059 |  2614 |       |       |       ||  5143
         Hand cannon       |       |       |       |       |       |   172 |  1105 |  2115 |  1164 ||  4556
   Cast: Dimensional Bulls |       |       |       |       |     7 |     8 |       |       |       ||    15
         Tukima's Dance    |       |       |       |       |     4 |     1 |       |       |       ||     5
         Blink             |       |       |       |       |     2 |     5 |       |       |     4 ||    11
         Dispersal         |       |       |       |       |       |     9 |     1 |     8 |       ||    18
         Yara's Violent Un |       |       |       |       |       |    23 |    29 |    73 |    29 ||   154
         Disjunction       |       |       |       |       |       |       |       |    13 |    12 ||    25
         Enfeeble          |       |       |       |       |       |       |       |     1 |    21 ||    22
         Discord           |       |       |       |       |       |       |       |       |    30 ||    30
         Apportation       |       |       |       |       |       |       |       |       |     2 ||     2
 Invoke: Heal Other        |       |       |       |     9 |    20 |    32 |     2 |    11 |     5 ||    79
         Heal Self         |       |       |       |     1 |     1 |     2 |       |     7 |     7 ||    18
         Purification      |       |       |       |       |       |     2 |       |     1 |       ||     3
         Divine Vigour     |       |       |       |       |       |       |     1 |     1 |     1 ||     3
  Evoke: Wand              |       |       |     9 |    15 |    11 |     6 |       |       |       ||    41
         Phial of floods   |       |       |       |       |     2 |     4 |       |       |       ||     6
         Lightning rod     |       |       |       |       |     4 |     2 |       |       |       ||     6
         Sack of spiders   |       |       |       |       |     1 |     4 |       |       |       ||     5
         Phantom mirror    |       |       |       |       |     1 |     2 |       |     1 |     1 ||     5
    Use: Scroll            |       |     7 |     6 |    11 |    11 |    20 |     2 |    10 |    11 ||    78
         Potion            |       |       |       |     2 |     4 |     9 |     2 |     5 |    20 ||    42
 Armour: Robe              |    12 |    16 |    32 |       |       |       |       |       |       ||    60
         Acid dragon scale |       |       |    14 |    35 |       |       |       |       |       ||    49
         Steam dragon scal |       |       |       |    48 |   133 |   394 |   127 |   257 |    97 ||  1056
         Skin              |       |       |       |       |       |       |       |     4 |       ||     4
         Quicksilver drago |       |       |       |       |       |       |       |       |   272 ||   272
  Dodge: Dodged            |    33 |    57 |   112 |   237 |   582 |  2049 |   766 |  1320 |  1540 ||  6696
  Block: Buckler           |       |       |       |    28 |   194 |   573 |   247 |   408 |   382 ||  1832
         Reflection        |       |       |       |       |       |       |       |     7 |     4 ||    11
